 Dungeon Crawl Stone Soup version 0.31.0-12-g77e489cdc1 (webtiles) character file.

Game seed: 3030945694206879060

626 hawla the Covered (level 7, -8/59 HPs)
             Began as a Minotaur Fighter on Feb 16, 2024.
             Mangled by a vampire (11 damage)
             ... on level 5 of the Dungeon.
             The game lasted 00:10:20 (3871 turns).

hawla the Covered (Minotaur Fighter)                Turns: 3871, Time: 00:10:21

Health: -8/59      AC: 15    Str: 22    XL:     7   Next: 23%
Magic:  6/6        EV:  7    Int:  5    God:
Gold:   141        SH:  6    Dex: 10    Spells: 6/6 levels left

rFire   . . .        a - +1 war axe
rCold   . . .        c - +1 buckler
rNeg    . . .        m - +0 plate armour
rPois   .            (helmet restricted)
rElec   .            l - +0 cloak
rCorr   .            g - +0 pair of gloves
SInv    .            (no boots)
Will    .....        (no amulet) Stlth
                     (no ring)
HPRegen 0.29/turn    (no ring)
MPRegen 0.10/turn

%: no passive effects
@: no status effects
A: horns 2, retaliatory headbutt
a: no special abilities


You were on level 5 of the Dungeon.
You visited 2 branches of the dungeon, and saw 6 of its levels.

You collected 141 gold pieces.

Inventory:

Hand Weapons
 a - a +1 war axe (weapon)
Armour
 c - a +1 buckler (worn)
 g - a +0 pair of gloves (worn)
 l - a +0 cloak (worn)
 m - a +0 plate armour (worn)
Wands
 h - a wand of flame (37) (quivered)
Scrolls
 b - a scroll of teleportation
 q - a scroll of fear
Potions
 d - 2 potions of might
 e - a potion of resistance
 n - 2 potions of haste {unknown}
 o - a potion of ambrosia {unknown}
 p - a potion of brilliance {unknown}
 r - a potion of berserk rage {unknown}


   Skills:
 - Level 4.0 Fighting
 - Level 2.4 Axes
 + Level 6.0 Armour
 - Level 5.0 Dodging
 - Level 5.0 Shields
 - Level 3.0 Evocations


You had 6 spell levels left.
You didn't know any spells.
Your spell library was empty.

Dungeon Overview and Level Annotations

Branches:
Dungeon (5/15)             Temple (1/1) D:5

Altars:
Ashenzari
Cheibriados
Dithmenos
Elyvilon
Fedhas
Hepliaklqana
Makhleb
Nemelex Xobeh
Okawaru
Qazlal
Sif Muna
Trog
Uskayaw
Vehumet
Xom
Zin
The Shining One

Shops:
D:4 *

Annotations:
D:1 dig the loot
D:5 1 runed translucent door, Crazy Yiuf


Innate Abilities, Weirdness & Mutations

You have a pair of horns on your head.
You reflexively headbutt those who attack you in melee.


Message History

Aiming: Throw Flame
Press: ? - help, Shift-Dir - straight line, f/p - vampire
Aim: a vampire, quivering stones (severely damaged, 71% to hit)
The puff of flame hits the vampire but does no damage.
The vampire is severely damaged.
The vampire hits you but does no damage.
The vampire bites you.
The vampire draws strength from your injuries!
You hit the vampire but do no damage. Your headbutt misses the vampire.
The vampire is severely damaged.
The vampire points at you and mumbles some strange words.
You resist with significant effort.
You closely miss the vampire. You headbutt the vampire!
The vampire is almost destroyed.
The vampire mumbles some strange words.
The vampire flickers and vanishes!
Something completely misses you. Something bites you.
Something draws strength from your injuries!
You barely miss something. Something hits you!
Something bites you but does no damage.
You barely miss something.
You hear some strange, mumbled words.
Something tries to affect you, but you resist.
Something draws life force from you!!
You barely miss something. Something hits you but does no damage.
Something bites you.
* * * LOW HITPOINT WARNING * * *
Something draws strength from your injuries!
You hit something but do no damage.
You hear some strange, mumbled words.
Something tries to affect you, but you resist.
You hit something but do no damage. Something hits you.
* * * LOW HITPOINT WARNING * * *
Something bites you.
* * * LOW HITPOINT WARNING * * *
Something draws strength from your injuries!
Something hits you.
* * * LOW HITPOINT WARNING * * *
Something bites you!
You die...

##.# #.## ### #+# ..# ... #.#
#...# #.# ### #)..# #.####### ..#
##### #.......# ..#
#.......######### ..# ######
#@{.....?.......# '#### #.##.#
#...............# ....# #....#
#...............# ....# ###..#
##..............#
....#######..########..........#
....#..^...........##.#........##
....#.#####........##.#..........
....#.# #..........##.#..........
##....# #........####.#......##..


There were no monsters in sight!

Vanquished Creatures
  A black bear (D:4)
  A phantom (D:5)
  2 scorpions (D:5)
  A jelly (D:3)
  An orc priest (D:3)
  Ijyb (D:3)
  2 orc wizards (D:3)
  Robin (D:3)
  4 gnolls
  6 adders
  3 ribbon worms
  2 dart slugs
  6 orcs
  6 endoplasms
  A giant cockroach (D:1)
  15 goblins
  13 hobgoblins
  2 jackals (D:4)
  3 quokkas
  9 ball pythons
  5 bats
  3 frilled lizards
  6 kobolds
  A rat (D:1)
95 creatures vanquished.

Notes
Turn   | Place    | Note
-------+----------+-------------------------------------------
     0 | D:1      | hawla the Minotaur Fighter began the quest for the Orb.
     0 | D:1      | Reached XP level 1. HP: 19/19 MP: 0/0
   175 | D:1      | Reached XP level 2. HP: 24/27 MP: 1/1
   255 | D:1      | Reached skill level 1 in Dodging
  1043 | D:2      | Reached XP level 3. HP: 33/33 MP: 2/2
  1269 | D:3      | Reached XP level 4. HP: 40/40 MP: 3/3
  1271 | D:3      | Found a glowing golden altar of the Shining One.
  1367 | D:3      | Reached skill level 5 in Shields
  1398 | D:3      | Found a broken altar of Ashenzari.
  1399 | D:3      | Noticed Robin
  1405 | D:3      | Killed Robin
  1544 | D:3      | Reached XP level 5. HP: 41/46 MP: 4/4
  1707 | D:3      | Noticed Ijyb
  1726 | D:3      | Killed Ijyb
  2122 | D:4      | Reached skill level 5 in Dodging
  2126 | D:4      | Found Xouny's General Store.
  2237 | D:3      | Reached skill level 1 in Evocations
  2364 | D:3      | Reached XP level 6. HP: 31/52 MP: 5/5
  2986 | D:4      | Reached skill level 4 in Armour
  3085 | D:4      | Found a shimmering altar of Xom.
  3085 | D:4      | Found a white marble altar of Elyvilon.
  3086 | D:4      | Found a shimmering blue altar of Sif Muna.
  3178 | D:5      | Entered Level 5 of the Dungeon
  3201 | D:5      | Found a runed translucent door.
  3202 | D:5      | Noticed Crazy Yiuf
  3250 | D:5      | Reached skill level 5 in Armour
  3250 | D:5      | Reached XP level 7. HP: 58/59 MP: 6/6
  3353 | D:5      | Found a staircase to the Ecumenical Temple.
  3380 | Temple   | Entered the Ecumenical Temple
  3415 | D:5      | Reached skill level 6 in Armour
  3500 | D:5      | Noticed a vampire
  3871 | D:5      | Mangled by a vampire

Illustrated notes

Levels and vault maps discovered:
D:1:      matt_arrival_diagonals, layout_loops_ring, serial_glass,
          glass_columns_a, glass_columns_b, due_unseen_surprise,
          feat_on_display, minmay_strange_pillars, item_on_display_a,
          minivault_11
D:2:      minmay_chambers_of_ones, layout_basic
D:3:      layout_basic, lemuel_tele_altar, mainiacjoe_overflow_brackets,
          reono_crystal_passage, uniq_robin, uniq_ijyb
D:4:      layout_cave_pools, nicolae_overflow_hidden_temple, serial_shops, shop
D:5:      layout_basic, temple_green, uniq_crazy_yiuf_cottage
Temple:   hellmonk_temple_flake

Skill      XL: |  1  2  3  4  5  6  7 |
---------------+----------------------+-----
Fighting       | 4 |  4.0
Dodging        | 1 2 4 5 |  5.0
Shields        | 4 5 |  5.0
Evocations     | 1 3 |  3.0
Armour         | 5 6 |  6.0
Axes           | |  2.4

Action                     |  1- 3 |  4- 6 |  7- 9 || total
---------------------------+-------+-------+-------++-------
  Melee: War axe           |    77 |   183 |    35 ||   295
         Headbutt          |    10 |    27 |     4 ||    41
  Evoke: Wand              |       |       |    15 ||    15
    Use: Scroll            |     7 |     3 |     1 ||    11
         Potion            |       |     3 |     5 ||     8
 Armour: Scale mail        |    58 |    48 |       ||   106
         Plate armour      |       |   144 |    54 ||   198
         Skin              |       |     3 |    31 ||    34
  Dodge: Dodged            |    47 |    73 |     9 ||   129
  Block: Buckler           |    24 |    65 |    11 ||   100
